 Dungeon Crawl Stone Soup version 0.21-a0-216-g6d3fd91 (webtiles) character file.

298 Monastir the Vexing (level 6, -4/28 HPs)
             Began as a Spriggan Enchanter on Aug 23, 2017.
             Killed from afar by Ijyb (32 damage)
             ... with a wand of lightning (?/15)
             ... on level 3 of the Dungeon.
             The game lasted 00:11:29 (4963 turns).

Monastir the Vexing (Spriggan Enchanter)            Turns: 4963, Time: 00:11:30

Health: -4/28      AC:  4    Str:  5    XL:     6   Next: 13%
Magic:  15/15      EV: 16    Int: 18    God:
Gold:   211        SH:  0    Dex: 16    Spells: 4/16 levels left

rFire    . . .     SeeInvis +   h - +1 dagger (venom)
rCold    . . .     Gourm    .   (shield restricted)
rNeg     . . .     Faith    .   b - +2 robe
rPois    .         Spirit   .   (helmet restricted)
rElec    .         Reflect  .   (no cloak)
rCorr    .         Harm     .   (gloves unavailable)
MR       +....                  (boots unavailable)
Stlth    ++........             (no amulet)
HPRegen  0.09/turn              (no ring)
MPRegen  0.14/turn              (no ring)

@: heavily drained, very quick
A: unfitting armour, see invisible, herbivore 3, speed 3, slow metabolism 2
a: no special abilities


You were on level 3 of the Dungeon.
You were hungry.

You visited 1 branch of the dungeon, and saw 3 of its levels.

You collected 211 gold pieces.

Inventory:

Hand Weapons
 a - a +3 dagger
 h - a +1 dagger of venom (weapon)
Armour
 b - a +2 robe (worn)
 f - a cursed +0 buckler
Scrolls
 g - a scroll of remove curse
 l - a scroll of blinking
 m - 3 scrolls of teleportation
Potions
 e - 2 potions of flight {unknown}
 i - a potion of might
 j - a potion of heal wounds
 k - a potion of agility
 n - a potion of curing {unknown}
Comestibles
 c - a royal jelly
 d - a bread ration


   Skills:
 - Level 1.1(0.0) Short Blades
 - Level 3.0(1.3) Dodging
 - Level 4.4(2.6) Stealth
 + Level 5.8(4.0) Spellcasting
 + Level 6.4(4.6) Hexes


You had 4 spell levels left.
You knew the following spells:

 Your Spells              Type           Power        Failure   Level  Hunger
a - Ensorcelled Hibernat  Hex/Ice        ##....       9%          2    ##.....
b - Corona                Hex            ###....      2%          1    None
c - Confuse               Hex            ###.....     6%          3    ###....
d - Tukima's Dance        Hex            ###.....     6%          3    ###....
e - Dazzling Spray        Conj/Hex       ##....       17%         3    ###....


Dungeon Overview and Level Annotations

Branches:
Dungeon (3/15)

Altars:
Ashenzari
Okawaru
Ru

Annotations:
D:3 Ijyb


Innate Abilities, Weirdness & Mutations

You are very small and have problems with some larger weapons.
You are too small for most types of armour.
You have supernaturally acute eyesight. (SInv)
You are a herbivore.
You cover ground extremely quickly.
You need consume almost no food.


Message History

You are feeling hungry.
You now have 211 gold pieces (gained 15).
n - an orange potion
There is an iron altar of Okawaru here.
o - a runed diamond amulet
o - an amulet of harm (around neck) Really remove
o - an amulet of harm?
You remove your amulet of harm.
The amulet drains your life force as you remove it!
You feel drained.
You drop an uncursed amulet of harm.
Unknown command.
Unknown command.
Ijyb the Twisted Goblin comes into view.
She is wielding a dagger.
The helpless Ijyb fails to defend herself.
You hit Ijyb.
Ijyb is lightly wounded.
Ijyb zaps a wand.
The bolt of lightning hits you!
Ouch! That really hurt!
You die...

#. .# #.
.# ##. .#
##.. .#
#... ###
.# #..#
##.## .#
####..#
##...##.#
#.....#
#.....@g#
#.###.#
##...####
#.# #.#
##.## #.#
#.# #.#
#.###.#
#.#
#.##...
#.#
#.##...
#.#
#.##.##
#.#
#.##.#
#.#
#.##.#


You could see Ijyb.

Vanquished Creatures
  Jessica (D:3)
  Natasha (thrice) (D:3)
  Robin (D:2)
  2 gnolls (D:2)
  7 adders
  4 worms
  A dart slug (D:2)
  A leopard gecko (D:2)
  2 orcs (D:3)
  13 bats
  4 giant cockroaches
  16 goblins
  10 hobgoblins
  4 jackals (D:3)
  6 kobolds
  2 quokkas (D:3)
  3 frilled lizards (D:1)
  12 rats
92 creatures vanquished.

Notes
Turn   | Place    | Note
-------+----------+-------------------------------------------
     0 | D:1      | Monastir the Spriggan Enchanter began the quest for the Orb.
     0 | D:1      | Reached XP level 1. HP: 9/9 MP: 5/5
   527 | D:2      | Reached skill level 4 in Hexes
   672 | D:2      | Reached XP level 2. HP: 13/13 MP: 7/7
   692 | D:2      | Learned a level 2 spell: Ensorcelled Hibernation
   707 | D:2      | Reached XP level 3. HP: 16/16 MP: 1/9
   896 | D:1      | Learned a level 3 spell: Confuse
   900 | D:1      | Learned a level 3 spell: Tukima's Dance
  2106 | D:2      | Noticed Robin
  2215 | D:2      | Reached skill level 5 in Hexes
  2215 | D:2      | Reached XP level 4. HP: 8/21 MP: 0/11
  2546 | D:2      | Killed Robin
  3093 | D:2      | Found a sacrificial altar of Ru.
  3143 | D:2      | Learned a level 3 spell: Dazzling Spray
  3208 | D:2      | Found a shattered altar of Ashenzari.
  3367 | D:2      | Reached XP level 5. HP: 24/24 MP: 8/13
  3512 | D:2      | Found an iron altar of Okawaru.
  3842 | D:3      | Noticed Natasha
  3848 | D:3      | Killed Natasha
  3848 | D:3      | Reached skill level 5 in Spellcasting
  4159 | D:3      | Found an iron altar of Okawaru.
  4273 | D:3      | Noticed Natasha
  4294 | D:3      | Killed Natasha
  4294 | D:3      | Reached skill level 6 in Hexes
  4763 | D:3      | Noticed Natasha
  4772 | D:3      | Killed Natasha
  4772 | D:3      | Reached XP level 6. HP: 25/28 MP: 11/15
  4828 | D:3      | Noticed Jessica
  4831 | D:3      | Killed Jessica
  4960 | D:3      | Noticed Ijyb
  4963 | D:3      | Killed from afar by Ijyb

Vault maps used:
D:1:      eino_arrival_water_star
D:2:      lemuel_doored_altar, nicolae_overflow_crystal_walls,
          grunt_ministairs_12, kennysheep_crisscross, minmay_misc_feat_hallway,
          okawaru_altar_gauntlet_db, uniq_robin
D:3:      lemuel_coloured_pillars_altar, nicolae_tso_swordbearing_angel,
          lemuel_round_altar, lemuel_round_altar, minmay_close_crescents,
          uniq_jessica, uniq_natasha, uniq_ijyb

Skill      XL: |  1  2  3  4  5 |
---------------+----------------+-----
Spellcasting   | 3 4 5 |  5.8
Hexes          | 4 5 6 |  6.4
Short Blades   | |  1.1
Dodging        | |  3.0
Stealth        | |  4.4

Action                   |  1- 3 |  4- 6 || total
-------------------------+-------+-------++-------
Melee: Dagger            |   128 |   140 ||   268
 Cast: Corona            |     7 |       ||     7
       Ensorcelled Hiber |    20 |    42 ||    62
       Confuse           |     1 |     5 ||     6
       Tukima's Dance    |       |     1 ||     1
       Dazzling Spray    |       |     4 ||     4
  Use: Scroll            |     6 |     6 ||    12
 Stab: Sleeping          |    18 |    35 ||    53
       Confused          |       |     3 ||     3
       Invisible         |       |     1 ||     1
  Eat: Royal jelly       |       |     2 ||     2
Armor: Robe              |    18 |    25 ||    43
Dodge: Dodged            |   113 |   112 ||   225

Table legend:
 A = Spawn XP
 B = Non-spawn XP
 C = Spawn XP percentage of total XP
 D = Spawn monster count
 E = Non-spawn monster count
 F = Spawn count percentage of total count
 G = Total turns spent on level
                    A         B        C        D         E        F      G
               +---------+---------+-------+---------+---------+-------+---------
         Total |      32 |     394 |   7.5 |       9 |      83 |   9.8 |  4963
               +---------+---------+-------+---------+---------+-------+---------
           D:1 |       0 |      28 |   0.0 |       0 |      19 |   0.0 |  1244
           D:2 |      27 |     145 |  15.7 |       8 |      38 |  17.4 |  2788
           D:3 |       5 |     221 |   2.2 |       1 |      26 |   3.7 |   931
               +---------+---------+-------+---------+---------+-------+---------
